 Dungeon Crawl Stone Soup version 0.31-a0-986-g5e6e4ef867 (webtiles) character file.

Game seed: 10752180857290850681

11326 dialectric the Basher (level 11, 0/121 HPs)
             Began as a Demonspawn Fighter on Nov 3, 2023.
             Was an Elder of Qazlal.
             Slain by Sonja
             ... wielding a +1 dagger of venom
              (3 damage)
             ... on level 1 of the Lair of Beasts.
             The game lasted 00:12:40 (8078 turns).

dialectric the Basher (Demonspawn Fighter)          Turns: 8078, Time: 00:12:40

Health: 0/121      AC: 26    Str: 24    XL:     11   Next: 47%
Magic:  0/11       EV:  9    Int: 10    God:    Qazlal [****..]
Gold:   467        SH: 10    Dex: 15    Spells: 7/10 levels left

rFire   . . .        r - +11 whip of True Grit {freeze, Fragile Str+6}
rCold   . . .        c - +0 buckler
rNeg    . . .        F - +0 chain mail
rPois   .            (helmet restricted)
rElec   .            y - +0 cloak
rCorr   .            G - +0 pair of gloves
SInv    .            I - +0 pair of boots
Will    .....        s - amulet of guardian spirit Stlth
                     t - +4 ring of protection
HPRegen 0.40/turn    q - +4 ring of protection
MPRegen 0.12/turn

%: repel missiles, guardian spirit
@: mighty, berserking, lethally poisoned (0 -> -16), attractive, very quick
A: antennae 1, molten scales 2, demonic magic 2
a: Renounce Religion, Upheaval, Elemental Force


You were on level 1 of the Lair of Beasts.
You worshipped Qazlal.
Qazlal was greatly pleased with you.
You visited 3 branches of the dungeon, and saw 11 of its levels.

You collected 497 gold pieces.
You spent 30 gold pieces at shops.

Inventory:

Hand Weapons
 a - a +0 long sword
 n - a +0 long sword of holy wrath
 r - the +11 whip of True Grit (weapon) {freeze, Fragile Str+6}
   (You found it on level 3 of the Dungeon)

   Str+6:     It affects your strength (+6).
   Fragile:   It will be destroyed if unequipped.
 w - a +0 dagger of draining
Missiles
 p - 9 boomerangs (quivered)
Armour
 c - a +0 buckler (worn)
 g - a +1 helmet
 u - a +0 plate armour
 y - a +0 cloak (worn)
 F - a +0 chain mail (worn)
 G - a +0 pair of gloves (worn)
 I - a +0 pair of boots (worn)
Jewellery
 e - a ring of see invisible
 q - a +4 ring of protection (right hand)
 s - an amulet of guardian spirit (around neck)
 t - a +4 ring of protection (left hand)
 v - a ring of fire
 J - a +5 ring of evasion
 M - a +6 ring of strength
 O - an amulet of regeneration
Wands
 K - a wand of flame (8)
Scrolls
 b - 2 scrolls of noise {unknown}
 i - 4 scrolls of teleportation
 j - 2 scrolls of brand weapon {unknown}
 k - a scroll of poison
 l - 4 scrolls of identify
 m - a scroll of fear {unknown}
 o - a scroll of revelation
 A - 2 scrolls of blinking {unknown}
 B - 2 scrolls of vulnerability {unknown}
 H - a scroll of immolation {unknown}
Potions
 f - 3 potions of attraction
 h - a potion of enlightenment {unknown}
 x - a potion of lignification {unknown}
 C - a potion of mutation {unknown}
 D - 2 potions of curing
 E - a potion of magic {unknown}
 L - a potion of berserk rage
 N - a potion of degeneration {unknown}


   Skills:
 - Level 6.0 Fighting
 - Level 2.7 Long Blades
 * Level 11.7 Maces & Flails
 + Level 9.6 Armour
 + Level 2.6 Dodging
 * Level 5.7 Shields


You had 7 spell levels left.
You knew the following spells:

 Your Spells              Type           Power      Damage    Failure   Level
a - Swiftness             Air            0%         N/A       99%         3

Your spell library contained the following spells:

 Spells                   Type           Power      Damage    Failure   Level
 Freeze                   Ice            0%         1d3       89%         1
 Shock                    Conj/Air       0%         1d3       89%         1
 Summon Small Mammal      Summ           0%         N/A       89%         1
 Poisonous Vapours        Pois/Air       0%         N/A       96%         2
 Call Canine Familiar     Summ           0%         N/A       99%         3
 Frozen Ramparts          Ice            0%         1d1       99%         3
 Hailstorm                Conj/Ice       0%         3d3       99%         3
 Mephitic Cloud           Conj/Pois/Air  0%         N/A       99%         3
 Summon Guardian Golem    Hex/Summ       0%         N/A       99%         3
 Airstrike                Air            0%         2d(0-16)  100%        4
 Freezing Cloud           Conj/Ice/Air   0%         6-21      100%        5


Dungeon Overview and Level Annotations

Branches:
Dungeon (9/15)             Temple (1/1) D:4            Lair (1/5) D:8
    Orc: D:9-12

Altars:
Ashenzari
Cheibriados
Dithmenos
Fedhas
Gozag
Hepliaklqana
Kikubaaqudgha
Makhleb
Nemelex Xobeh
Okawaru
Qazlal
Ru
Sif Muna
Trog
Uskayaw
Vehumet
Wu Jian
Xom
Yredelemnul

Shops:
D:2 ?   D:7 ((*

Annotations:
D:2 Robin
D:7 2 transporters
D:8 exclusion: ice statue
Lair:1 Sonja


Innate Abilities, Weirdness & Mutations

You have a pair of small antennae on your head.
You are mostly covered in molten scales. (AC +3)
Spells you cast may paralyse nearby enemies.


Message History

Press: ? - help, Shift-Dir - straight line, f/p - blink frog
Aim: a blink frog (severely wounded, 45% to hit)
The puff of flame hits the blink frog!
You kill the blink frog!
Qazlal accepts your kill.
The storm surrounding you is now powerful enough to repel missiles.
You will now adapt resistances upon receiving elemental damage.
You feel yourself speed up.
* * * LOW HITPOINT WARNING * * *
You feel very sick.
Unknown command.
It was a potion of attraction.
You feel attractive to monsters.
* * * LOW HITPOINT WARNING * * *
You feel very sick. Sonja is attracted toward you.
Unknown command.
Unknown command.
It was a potion of berserk rage.
A red film seems to cover your vision as you go berserk!
You feel yourself moving faster!
You feel mighty!
* * * LOW HITPOINT WARNING * * *
You feel very sick. Sonja is attracted toward you.
Unknown command.
Unknown command.
You closely miss Sonja. You miss Sonja.
You feel sick. You block Sonja's attack.
Sonja hits you with a +1 dagger of venom.
* * * LOW HITPOINT WARNING * * *
You are lethally poisoned!
You block Sonja's attack.
You barely miss Sonja.
* * * LOW HITPOINT WARNING * * *
You feel sick.
You closely miss Sonja.
* * * LOW HITPOINT WARNING * * *
You feel sick.
Sonja hits you with a +1 dagger of venom.
You die...

..... ..#......#
..##.#P.### .#......#
............ . .......#
...P........ ..
#......#....#.......#
...#......#....#.......#
.§.P....○○.............#
..........#....+......<#
..#.§K@†.#....#####.#.#
....##+#.##........†....
........§○..............
.......................
.......................
.......................
#########.......#####.#
.......#.....#.####.
.............#....##


You could see Sonja.

Vanquished Creatures
  A two-headed ogre (D:9)
  A black mamba (Lair:1)
  5 elephants (D:8)
  4 blink frogs (Lair:1)
  Prince Ribbit (D:6)
  20 yaks
  3 wyverns
  A basilisk (D:8)
  A water moccasin (D:7)
  5 orc warriors
  5 black bears
  3 ogres
  A wolf (D:8)
  2 centaurs
  A phantom (D:4)
  4 kobold brigands
  2 bullfrogs
  3 scorpions
  13 wights
  5 killer bees (D:8)
  3 howler monkeys
  3 jellies
  4 hounds
  2 gnoll boudas
  Crazy Yiuf (D:6)
  9 orc priests
  4 iguanas
  2 sleepcaps
  7 orc wizards
  4 adders
  10 gnolls
  2 ufetubi (D:5)
  A worm (D:3)
  A dart slug (D:3)
  34 orcs
  4 endoplasms
  2 giant cockroaches (D:1)
  10 goblins
  A hobgoblin (D:2)
  24 kobolds
  5 quokkas
  9 ball pythons
  5 bats
  2 frilled lizards (D:3)
  2 rats
232 creatures vanquished.

Notes
Turn   | Place    | Note
-------+----------+-------------------------------------------
     0 | D:1      | dialectric the Demonspawn Fighter began the quest for the
                  | Orb.
     0 | D:1      | Reached XP level 1. HP: 18/18 MP: 1/1
   269 | D:1      | Gained mutation: Spells you cast may paralyse adjacent
                  | enemies. [demonic ancestry]
   269 | D:1      | Reached XP level 2. HP: 24/24 MP: 2/2
   690 | D:2      | Found Pejalute's Magic Scroll Boutique.
   694 | D:2      | Bought a scroll of teleportation for 30 gold pieces
   834 | D:2      | Gained mutation: You are partially covered in molten
                  | scales. (AC +2) [demonic ancestry]
   834 | D:2      | Reached XP level 3. HP: 28/29 MP: 3/3
   961 | D:2      | Found a faded altar of an unknown god.
  1028 | D:2      | Noticed Robin
  1285 | D:3      | Gained mutation: You are mostly covered in molten scales.
                  | (AC +3) [demonic ancestry]
  1285 | D:3      | Reached XP level 4. HP: 35/35 MP: 4/4
  1299 | D:3      | Identified the +11 whip of True Grit {freeze, Fragile
                  | Str+6}
  1758 | D:4      | Noticed an orc warrior
  1775 | D:3      | Gained mutation: Spells you cast may paralyse nearby
                  | enemies. [demonic ancestry]
  1775 | D:3      | Reached XP level 5. HP: 23/41 MP: 5/5
  1878 | D:4      | Reached skill level 1 in Maces & Flails
  1897 | D:4      | Noticed a phantom
  1909 | D:4      | Killed a phantom
  1910 | D:4      | Reached XP level 6. HP: 42/48 MP: 6/6
  1916 | D:5      | Entered Level 5 of the Dungeon
  1948 | D:5      | Reached skill level 2 in Maces & Flails
  2054 | D:5      | Identified the +10 falchion of Execution {venom, rPois rC-
                  | rN+++ Int+2}
  2250 | D:5      | Reached skill level 5 in Armour
  2250 | D:5      | Reached skill level 1 in Dodging
  2368 | D:5      | Reached skill level 3 in Maces & Flails
  2368 | D:5      | Reached XP level 7. HP: 36/54 MP: 7/7
  2574 | D:4      | Identified the +0 sling of Tender Mercy {heavy, rC+++ Will-
                  | Dex+4}
  3054 | D:4      | Found a staircase to the Ecumenical Temple.
  3066 | Temple   | Entered the Ecumenical Temple
  3211 | Temple   | Became a worshipper of Qazlal Stormbringer
  3617 | D:5      | Reached skill level 4 in Maces & Flails
  3798 | D:5      | Reached XP level 8. HP: 61/61 MP: 8/8
  4182 | D:6      | Reached * piety under Qazlal
  4183 | D:6      | Reached skill level 5 in Maces & Flails
  4405 | D:6      | Noticed Prince Ribbit
  4413 | D:6      | Killed Prince Ribbit
  4448 | D:7      | Found Ameicaweep's Antique Weapon Shop.
  4448 | D:7      | Found Gac Cupt's Weapon Shop.
  4448 | D:7      | Found Pughit's Assorted Antiques.
  4626 | D:6      | Found a runed translucent door.
  4627 | D:6      | Noticed Crazy Yiuf
  4644 | D:6      | Killed Crazy Yiuf
  4645 | D:6      | Reached skill level 5 in Fighting
  4826 | D:6      | Reached skill level 6 in Maces & Flails
  5056 | D:7      | Reached XP level 9. HP: 62/68 MP: 9/9
  5185 | D:7      | Found a transporter.
  5187 | D:7      | Found a transporter.
  5190 | D:7      | Noticed a two-headed ogre
  5238 | D:7      | Reached skill level 7 in Maces & Flails
  5793 | D:7      | Reached ** piety under Qazlal
  5811 | D:7      | Reached skill level 8 in Maces & Flails
  5841 | D:8      | Found a staircase to the Lair.
  6029 | D:8      | Found an iron altar of Okawaru.
  6049 | D:8      | Gained mutation: You have a pair of small antennae on your
                  | head. [demonic ancestry]
  6049 | D:8      | Reached XP level 10. HP: 75/76 MP: 10/10
  6290 | D:8      | Reached skill level 9 in Maces & Flails
  6397 | D:8      | Noticed an ice statue
  6625 | IceCv    | Identified the "Fosam"
  6625 | Lair:1   | Entered Level 1 of the Lair of Beasts
  6625 | Lair:1   | Noticed an elephant
  6625 | Lair:1   | Noticed an elephant
  6626 | Lair:1   | Noticed an elephant
  6626 | Lair:1   | Noticed an elephant
  6627 | Lair:1   | Noticed an elephant
  6635 | D:8      | Killed an elephant
  6652 | D:8      | Killed an elephant
  6745 | D:9      | Reached *** piety under Qazlal
  6821 | D:9      | Learned a level 3 spell: Swiftness
  7109 | D:9      | Reached skill level 10 in Maces & Flails
  7460 | D:9      | Noticed a two-headed ogre
  7467 | D:9      | Killed a two-headed ogre
  7468 | D:9      | Reached skill level 5 in Shields
  7468 | D:9      | Reached XP level 11. HP: 81/81 MP: 9/11
  7621 | D:9      | Reached skill level 11 in Maces & Flails
  8054 | Lair:1   | Noticed Sonja
  8072 | Lair:1   | Reached **** piety under Qazlal
  8076 | Lair:1   | HP: 6/121 [Sonja/+1 dagger of venom (2)]
  8078 | Lair:1   | Slain by Sonja

Illustrated notes

Levels and vault maps discovered:
D:1:      evilmike_arrival_plus, layout_basic, chequers_serial_rivers_large_a,
          minmay_misc_feat_enclosed, patterned_corridor
D:2:      layout_rooms, serial_shops, nicolae_shop_back_alley_shop,
          shapermc_ecumenical_altar_notcrosses, serial_bayou,
          serial_bayou_pond_c, serial_bayou_pond_e, serial_bayou_pond_c,
          serial_bayou_crossing, uniq_robin
D:3:      layout_basic
D:4:      layout_rooms, minmay_temple_entry_sparse_star
D:5:      layout_loops_corners
D:6:      layout_loops_cross, lemuel_round_altar, grunt_decor_junction,
          uniq_crazy_yiuf_cottage, uniq_prince_ribbit1
D:7:      gammafunk_beogh_shrine, layout_loops_ring, grunt_ministairs_15,
          nicolae_shop_distant_corner_stores, minmay_misc_feat_tower
D:8:      lemuel_ice_statue, layout_cave_pools, mainiacjoe_overflow_boulevard,
          minmay_lair_entry_grove, kennysheep_generic_room_3
D:9:      layout_gridville, grunt_ministairs_5, serial_bayou_pond_a,
          minmay_misc_feat_x, minmay_misc_feat_cross
Temple:   mainiacjoe_temple_big_plus
Lair:1:   layout_regular_city, uniq_sonja, uniq_maggie

Skill      XL: |  1  2  3  4  5  6  7  8  9 10 11 |
---------------+----------------------------------+-----
Long Blades    | 2 |  2.7
Shields        | 3 5 |  5.7
Armour         | 3 4 5 6 7 8 9 |  9.6
Maces & Flails | 1 3 4 6 8 10 11 | 11.7
Fighting       | 4 5 6 |  6.0
Dodging        | 1 2 |  2.6

Action                     |  1- 3 |  4- 6 |  7- 9 | 10-12 || total
---------------------------+-------+-------+-------+-------++-------
  Melee: Long sword        |   106 |     2 |       |       ||   108
         Whip              |       |    71 |   267 |   260 ||   598
         Punch             |       |     2 |     3 |     2 ||     7
  Evoke: Wand              |       |       |       |     3 ||     3
    Use: Scroll            |       |     1 |     3 |     1 ||     5
         Potion            |       |       |       |     6 ||     6
 Armour: Scale mail        |   126 |    67 |    39 |       ||   232
         Chain mail        |       |       |   241 |   200 ||   441
  Dodge: Dodged            |    72 |    52 |   125 |    84 ||   333
  Block: Other             |       |       |    10 |    25 ||    35
         Buckler           |       |       |       |    41 ||    41

Table legend: (Time is in decaauts)
 A = Elapsed time spent in this place.
 B = Non-inter-level travel time spent in this place.
 C = Inter-level travel time spent in this place.
 D = Time resting spent in this place.
 E = Time spent auto-exploring this place.
 F = Levels seen in this place.
 G = Mean time per level.
                   A        B        C        D        E       F      G
               +--------+--------+--------+--------+--------+-----+--------+
         Total |   8007 |   7627 |    380 |    388 |   5308 |  11 |  727.9 |
       Dungeon |   7775 |   7437 |    338 |    388 |   5204 |   9 |  863.9 |
        Temple |     81 |     40 |     41 |      0 |      0 |   1 |   81.0 |
          Lair |    151 |    151 |      0 |      0 |    104 |   1 |  151.0 |
               +--------+--------+--------+--------+--------+-----+--------+

Top non-repeatable levels by time:
     D:5: 1183 daAuts
     D:9: 1113 daAuts
     D:6: 967 daAuts
     D:3: 908 daAuts
     D:7: 900 daAuts
     D:8: 900 daAuts
     D:4: 707 daAuts
     D:1: 651 daAuts
     D:2: 441 daAuts
  Lair:1: 151 daAuts
  Temple: 81 daAuts
